Map: World of Sleepers LE

Players

Ratl

  • Race: Protoss Protoss
  • Spawn Location: 1:00

VOD

Have the link to the VOD?

Description

Time

  • Played on: Oct. 29, 2019, 11:08 p.m.
  • Length: 13:39
Show
View Real Time Build Order
Export as new Build Order

Ratl Protoss 

Build Orders:  

Get SALT Encoding   

  12  0:05  Probe (Chrono Boost)  
  13  0:16  Probe (Chrono Boost)  
  14  0:33  Pylon  
  14  0:47  Pylon  
  14  0:50  Assimilator  
  14  0:53  Probe (Chrono Boost)  
  16  1:10  Probe (Chrono Boost)  
  16  1:26  Probe (Chrono Boost)  
  17  1:37  Probe (Chrono Boost)  
  17  1:44  Assimilator  
  17  1:48  Probe (Chrono Boost)  
  18  1:54  Gateway  
  19  2:03  Probe (Chrono Boost)  
  20  2:12  Forge  
  21  2:20  Probe (Chrono Boost)  
  21  2:37  Probe (Chrono Boost)  
  22  2:55  Pylon  
  22  3:04  Pylon  
  22  3:09  Zealot (Chrono Boost)  
  22  3:13  Pylon  
  22  3:19  Pylon  
  24  3:24  Probe (Chrono Boost)  
  25  3:40  Probe  
  25  3:44  Zealot (Chrono Boost)  
  28  3:55  Cybernetics Core  
  28  4:04  Gateway  
  28  4:17  Zealot (Chrono Boost)  
  30  4:42  Nexus  
  30  4:44  Assimilator  
  30  4:54  Assimilator  
  30  5:14  Probe  
  31  5:50  Twilight Council  
  31  5:56  Stargate  
  31  5:57  Stargate  
  31  6:00  Robotics Facility  
  31  6:02  Robotics Facility  
  31  6:07  Zealot (Chrono Boost)  
  31  6:18  Zealot (Chrono Boost)  
  35  6:28  Probe (Chrono Boost)  
  35  6:38  Zealot  
  36  6:41  Probe (Chrono Boost)  
  39  6:54  Probe (Chrono Boost)  
  41  7:11  Probe (Chrono Boost), Stalker  
  41  7:16  Stalker  
  45  7:22  Probe (Chrono Boost)  
  46  7:34  Probe (Chrono Boost)  
  47  7:48  Probe (Chrono Boost)  
  48  7:58  Stalker  
  50  8:05  Probe (Chrono Boost)  
  51  8:10  Templar Archives  
  51  8:13  Dark Shrine  
  51  8:17  Zealot (Chrono Boost)  
  50  8:22  Probe (Chrono Boost)  
  44  8:37  Probe (Chrono Boost)  
  41  8:40  Stalker (Chrono Boost)  
  41  8:51  Zealot (Chrono Boost)  
  38  9:14  Stalker (Chrono Boost)  
  34  9:30  Zealot (Chrono Boost)  
  26  9:55  Zealot (Chrono Boost)  
  28  10:03  Photon Cannon  
  28  10:04  Photon Cannon  
  28  10:05  Void Ray  
  28  10:07  Zealot (Chrono Boost)  
  34  10:19  Zealot (Chrono Boost)  
  30  10:46  Zealot (Chrono Boost)  
  30  10:57  Zealot (Chrono Boost)  
  26  11:24  Zealot (Chrono Boost)  
  27  11:36  Stalker (Chrono Boost)  
  27  11:57  Stalker (Chrono Boost)  
  29  12:01  Nexus  
  29  12:06  Assimilator  
  29  12:07  Assimilator  
  29  12:16  Zealot (Chrono Boost)  
  31  12:30  Stalker (Chrono Boost)  
  35  12:55  Zealot (Chrono Boost)  
Tags
 
Add a new tag
Caveats
  • Supply blocks, unpowered buildings, or Contaminate may cause inaccurate times.
  • Supply counts are checked every 10 seconds.